 Dungeon Crawl Stone Soup version 0.31-a0-1074-g0b22e4e0f1 (webtiles) character file.

Game seed: 6140360821807196719

1034 grandjackal the Trooper (level 8, -1/63 HPs)
             Began as a Demonspawn Gladiator on Nov 30, 2023.
             Slain by an ice beast (10 damage)
             ... on level 5 of the Dungeon.
             The game lasted 00:08:53 (5707 turns).

grandjackal the Trooper (Demonspawn Gladiator)      Turns: 5707, Time: 00:08:54

Health: -1/63      AC:  4    Str: 15    XL:     8   Next: 3%
Magic:  8/8        EV: 13    Int:  9    God:
Gold:   447        SH:  0    Dex: 21    Spells: 7/7 levels left

rFire   . . .        D - +2 great sword
rCold   . . .        (shield currently unavailable)
rNeg    . . .        b - +0 leather armour
rPois   .            c - +0 helmet
rElec   .            (no cloak)
rCorr   .            (no gloves)
SInv    .            (no boots)
Will    .....        (no amulet)
Stlth   +++++        (no ring)
HPRegen 0.30/turn    (no ring)
MPRegen 0.11/turn

%: no passive effects
@: no status effects
A: thin skeletal structure 2
a: no special abilities


You were on level 5 of the Dungeon.
You visited 1 branch of the dungeon, and saw 5 of its levels.
You also visited: Ossuary.

You collected 447 gold pieces.

Inventory:

Hand Weapons
 a - a +0 long sword
 D - a +2 great sword (weapon)
 E - a +2 dagger
Missiles
 d - 2 throwing nets (quivered)
 e - 6 javelins
 C - a curare-tipped dart
Armour
 b - a +0 leather armour (worn)
 c - a +0 helmet (worn)
Jewellery
 m - a ring of fire
 p - a ring of resist corrosion
Wands
 t - a wand of digging (6)
 u - a wand of light (5)
Scrolls
 g - 2 scrolls of enchant armour {unknown}
 h - 2 scrolls of poison {unknown}
 q - 3 scrolls of noise {unknown}
 r - a scroll of enchant weapon {unknown}
 s - a scroll of summoning {unknown}
 x - a scroll of immolation {unknown}
 y - a scroll of vulnerability {unknown}
Potions
 f - 3 potions of mutation
 i - 3 potions of lignification
 j - 5 potions of heal wounds
 k - 4 potions of curing {unknown}
 o - a potion of cancellation
 v - 3 potions of haste
 w - a potion of might
 z - 2 potions of attraction
 A - 2 potions of enlightenment
 B - a potion of berserk rage


   Skills:
 + Level 5.6 Fighting
 + Level 5.5 Long Blades
 - Level 2.0 Throwing
 - Level 3.2 Dodging
 + Level 4.8 Stealth


You had 7 spell levels left.
You didn't know any spells.
Your spell library contained the following spells:

 Spells                   Type           Power      Damage    Failure   Level
 Freeze                   Ice            0%         1d3       45%         1
 Dazzling Flash           Conj/Hex       0%         N/A       83%         3
 Frozen Ramparts          Ice            0%         1d1       83%         3
 Hailstorm                Conj/Ice       0%         3d3       83%         3
 Agony                    Necr           0%         N/A       100%        5
 Silence                  Hex/Air        0%         N/A       100%        5


Dungeon Overview and Level Annotations

Branches:
Dungeon (5/15)            Ossuary (visited)
 Temple: D:4-7

Altars:
Gozag
Makhleb
Yredelemnul

Annotations:
D:4 1 runed translucent door


Innate Abilities, Weirdness & Mutations

You have a moderately thin skeletal structure. (Dex +4, Stealth++)


Message History

Found a stone staircase leading up.
A - 2 potions of enlightenment (gained 1)
There is a stone staircase leading up here.
A hound comes into view.
Found 3 scrolls of identify.
Found a stone staircase leading down.
An ice beast comes into view.
The helpless hound fails to defend itself.
You impale the hound!!
You kill the hound!
You hit the ice beast but do no damage. The ice beast hits you.
The ice beast freezes you!
You hit the ice beast.
The ice beast is lightly wounded.
The ice beast hits you but does no damage.
D - a +2 great sword (weapon)
You slice the ice beast!!
The ice beast is severely wounded.
The ice beast hits you. The ice beast freezes you! The ice beast misses you.
You barely miss the ice beast.
The ice beast is severely wounded.
The ice beast hits you. The ice beast freezes you!
You are too injured to fight recklessly!
You are too injured to fight recklessly!
You barely miss the ice beast.
The ice beast is severely wounded.
The ice beast hits you. The ice beast freezes you!
* * * LOW HITPOINT WARNING * * *
The ice beast hits you but does no damage.
You closely miss the ice beast.
The ice beast is severely wounded.
The ice beast hits you.
* * * LOW HITPOINT WARNING * * *
The ice beast freezes you!
* * * LOW HITPOINT WARNING * * *
You hit the ice beast but do no damage.
The ice beast is severely wounded.
The ice beast hits you.
* * * LOW HITPOINT WARNING * * *
The ice beast freezes you!
You die...

##### ##...##
##.....## #.......#
#.......# ##?......#
#....@Y.##
##>.......#
#.........# #.
####.........# #.
##....##.....##
##.####..##.###...##
.......<###.# #####
........##..#
...........##
#######


You could see an ice beast.

Vanquished Creatures
  Sigmund (D:5)
  Edmund (D:5)
  A kobold brigand (D:5)
  4 wights
  A howler monkey (D:4)
  3 hounds
  A human skeleton (D:4)
  An orc wizard (D:4)
  8 mummies (Ossuary)
  4 gnolls
  6 adders
  4 worms
  5 dart slugs
  8 orcs
  9 ball pythons
  6 bats
  7 endoplasms
  2 giant cockroaches
  8 goblins
  6 hobgoblins
  10 kobolds
  5 quokkas
  3 frilled lizards
  3 gnoll zombies (Ossuary)
  A goblin zombie (D:4)
  2 hobgoblin zombies (Ossuary)
  2 kobold zombies
  2 orc zombies (Ossuary)
  A quokka zombie (D:4)
  2 rats (D:1)
  A rat zombie (D:4)
118 creatures vanquished.

Notes
Turn   | Place    | Note
-------+----------+-------------------------------------------
     0 | D:1      | grandjackal the Demonspawn Gladiator began the quest for
                  | the Orb.
     0 | D:1      | Reached XP level 1. HP: 16/16 MP: 1/1
   148 | D:1      | Gained mutation: You have a somewhat thin skeletal
                  | structure. (Dex +2, Stealth+) [demonic ancestry]
   148 | D:1      | Reached XP level 2. HP: 22/22 MP: 2/2
   353 | D:1      | Found a faded altar of an unknown god.
   794 | D:2      | Reached XP level 3. HP: 28/28 MP: 3/3
  1070 | D:2      | Reached skill level 1 in Stealth
  1121 | D:2      | Found an opulent altar of Gozag.
  1794 | D:3      | Reached XP level 4. HP: 34/34 MP: 4/4
  2894 | D:4      | Gained mutation: You have a moderately thin skeletal
                  | structure. (Dex +4, Stealth++) [demonic ancestry]
  2894 | D:4      | Reached XP level 5. HP: 41/41 MP: 5/5
  2959 | D:4      | Found a runed translucent door.
  2959 | D:4      | Noticed a human
  2999 | D:4      | Found a sand-covered staircase.
  3033 | Ossuary  | Entered an ossuary
  3468 | Ossuary  | Reached XP level 6. HP: 48/48 MP: 6/6
  4138 | D:4      | Found a basalt altar of Yredelemnul.
  4441 | D:4      | Found a burning altar of Makhleb.
  4588 | D:5      | Entered Level 5 of the Dungeon
  4625 | D:5      | Noticed Sigmund
  4955 | D:5      | Reached XP level 7. HP: 40/55 MP: 7/7
  5180 | D:5      | Killed Sigmund
  5224 | D:5      | Reached skill level 5 in Fighting
  5224 | D:5      | Reached skill level 5 in Long Blades
  5384 | D:5      | Noticed Edmund
  5425 | D:5      | Killed Edmund
  5437 | D:4      | HP: 2/56 [poisoned by an orc]
  5438 | D:4      | Reached XP level 8. HP: 2/63 MP: 8/8
  5707 | D:5      | Slain by an ice beast

Illustrated notes

Levels and vault maps discovered:
D:1:      pf_arrival_petrified_forest, layout_loops_ring,
          hellmonk_ecumenical_altar_heavens_door
D:2:      layout_loops_ring, basic_altar, minmay_goblin_outpost
D:3:      layout_basic
D:4:      wad_crossroads, layout_basic, dk_yredelemnul_ordeal,
          makhleb_heckhound_becter, enter_ossuary_4
D:5:      layout_rooms, gammafunk_temple_overflow_statue,
          gammafunk_temple_overflow_claw, uniq_duvessa, uniq_eustachio,
          uniq_edmund, uniq_sigmund

Skill      XL: |  1  2  3  4  5  6  7 |
---------------+----------------------+-----
Throwing       | 2 |  2.0
Dodging        | 3 |  3.2
Long Blades    | 3 4 5 |  5.5
Stealth        | 1 2 3 4 |  4.8
Fighting       | 3 4 5 |  5.6

Action                     |  1- 3 |  4- 6 |  7- 9 || total
---------------------------+-------+-------+-------++-------
  Melee: Long sword        |   107 |   148 |    32 ||   287
         Dagger            |    29 |   138 |    11 ||   178
         Punch             |     2 |     2 |       ||     4
         Great sword       |       |       |    27 ||    27
  Throw: Throwing net      |       |     3 |     2 ||     5
    Use: Scroll            |       |       |     9 ||     9
   Stab: Sleeping          |     4 |    13 |     1 ||    18
         Held in net/web   |       |     5 |     2 ||     7
         Distracted        |       |     2 |     1 ||     3
 Armour: Leather armour    |    77 |   120 |    40 ||   237
  Dodge: Dodged            |    85 |   158 |    57 ||   300

Table legend: (Time is in decaauts)
 A = Elapsed time spent in this place.
 B = Non-inter-level travel time spent in this place.
 C = Inter-level travel time spent in this place.
 D = Time resting spent in this place.
 E = Time spent auto-exploring this place.
 F = Levels seen in this place.
 G = Mean time per level.
                   A        B        C        D        E       F      G
               +--------+--------+--------+--------+--------+-----+--------+
         Total |   5749 |   5697 |     52 |   1590 |   2559 |   6 |  958.2 |
       Dungeon |   5168 |   5116 |     52 |   1327 |   2558 |   5 | 1033.6 |
       Ossuary |    580 |    580 |      0 |    263 |      1 |   1 |  580.0 |
               +--------+--------+--------+--------+--------+-----+--------+

Top non-repeatable levels by time:
     D:4: 1959 daAuts
     D:2: 1079 daAuts
     D:3: 966 daAuts
     D:1: 709 daAuts
 Ossuary: 580 daAuts
     D:5: 454 daAuts
